Map: Acropolis LE

Players

Moneymaeker - Winner!

  • Race: Zerg Zerg
  • League: Platinum
  • Spawn Location: 11:00

Woah

  • Race: Protoss Protoss
  • Spawn Location: 5:00

VOD

Have the link to the VOD?

Description

Time

  • Played on: June 10, 2019, 5:47 p.m.
  • Length: 7:45
Show
View Real Time Build Order
Export as new Build Order

Moneymaeker Zerg - Winner!

Build Orders: Pool First 

Get SALT Encoding   

  12  0:01  Drone  
  13  0:09  Drone  
  14  0:17  Overlord  
  14  0:35  Spawning Pool  
  14  0:50  Drone x3  
  16  1:06  Drone  
  17  1:16  Hatchery  
  16  1:22  Zergling x2  
  16  1:23  Zergling x2  
  18  1:30  Extractor  
  17  1:33  Zergling x2  
  17  1:38  Queen  
  20  1:46  Drone  
  21  1:55  Overlord  
  21  2:09  Drone  
  22  2:25  Zergling x2  
  23  2:37  Roach Warren  
  23  2:38  Queen  
  23  2:39  Lair  
  23  2:43  Drone x2  
  26  2:44  Extractor  
  25  3:13  Overlord  
  25  3:15  Drone x3  
  25  3:16  Drone x2  
  30  3:30  Roach x3  
  33  3:46  Roach x3  
  39  3:55  Drone x3  
  41  3:56  Drone  
  42  4:05  Overlord  
  42  4:21  Glial Reconstitution  
  42  4:23  Drone x2  
  44  4:26  Drone x4  
  48  4:33  Drone x3  
  48  4:38  Overlord  
  51  4:41  Drone  
  52  4:58  Roach x3  
  58  5:00  Roach  
  60  5:07  Overlord  
  60  5:25  Queen  
  62  5:29  Roach  
  62  5:30  Roach x2, Hatchery  
  62  5:34  Drone  
  68  5:39  Extractor  
  68  5:40  Overlord  
  68  5:41  Extractor  
  66  5:43  Hydralisk Den  
  65  5:55  Roach  
  67  6:14  Roach x4  
  67  6:16  Overlord x4  
  69  6:44  Roach x3  
  69  6:45  Roach x3  
  73  7:06  Roach x8  
  73  7:07  Roach  
  91  7:13  Drone  
Show
View Real Time Build Order
Export as new Build Order

Woah Protoss 

Build Orders: 1 Gate Expand 

Get SALT Encoding   

  12  0:02  Probe  
  13  0:20  Probe  
  14  0:31  Pylon  
  14  0:32  Probe  
  15  0:51  Gateway  
  15  0:52  Assimilator  
  15  0:54  Probe  
  16  1:03  Probe  
  16  1:11  Probe  
  18  1:24  Nexus  
  18  1:34  Probe  
  19  1:44  Cybernetics Core  
  19  1:48  Probe  
  19  1:51  Pylon  
  20  2:00  Probe  
  21  2:28  Pylon  
  21  2:34  Pylon  
  23  2:40  Probe  
  23  2:52  Probe  
  23  2:56  Pylon  
  24  2:58  Pylon  
  24  3:00  Gateway  
  24  3:07  Warp Gate, Adept  
  24  3:08  Gateway  
  24  3:10  Gateway  
  24  3:14  Pylon  
  24  3:17  Pylon  
  24  3:18  Pylon  
  24  3:23  Probe  
  16  3:51  Probe  
  16  3:52  Robotics Facility  
  17  4:06  Pylon  
  17  4:13  Probe  
  17  4:15  Probe  
  17  4:16  Pylon  
  19  4:32  Gateway  
  19  4:36  Sentry  
  19  4:37  Sentry  
  23  4:45  Assimilator, Probe  
  23  4:46  Probe  
  25  4:58  Probe  
  25  4:59  Probe  
  27  5:10  Probe  
  27  5:11  Probe  
  29  5:20  Probe  
  29  5:22  Probe  
  29  5:23  Pylon  
  31  5:32  Probe  
  31  5:35  Probe  
  35  5:43  Probe  
  35  5:47  Probe  
  35  5:49  Immortal  
  36  5:52  Zealot  
  36  5:55  Zealot  
  37  6:07  Stalker  
  26  6:23  Stalker  
  20  6:43  Immortal  
  18  6:56  Zealot  
  15  7:02  Probe  
Tags
 
League
Platinum
Matchup
PvZ
Replay Pack
r1
Spawn Locations
Cross Positions
Add a new tag
Caveats
  • Supply blocks, unpowered buildings, or Contaminate may cause inaccurate times.
  • Supply counts are checked every 10 seconds.